 Dungeon Crawl Stone Soup version 0.21.1-1-g345015fe64 (webtiles) character file.

170 KleinerIrrer the Chopper (level 5, 0/32 HPs)
             Began as a Gargoyle Fighter on Apr 4, 2018.
             Slain by Sigmund
             ... wielding a +0 scythe
              (3 damage)
             ... on level 3 of the Dungeon.
             The game lasted 00:00:36 (2297 turns).

KleinerIrrer the Chopper (Gargoyle Fighter)         Turns: 2297, Time: 00:00:36

Health: 0/32       AC: 14    Str: 24    XL:     5   Next: 51%
Magic:  5/5        EV:  7    Int:  9    God:
Gold:   118        SH:  9    Dex:  9    Spells: 4/4 levels left

rFire    . . .     SeeInvis .   Y - +2 war axe
rCold    . . .     Gourm    .   c - +0 shield
rNeg     + . .     Faith    .   b - +0 scale mail
rPois    ∞         Spirit   .   (no helmet)
rElec    +         Reflect  .   (no cloak)
rCorr    .         Harm     .   o - +1 pair of gloves
MR       .....                  i - +0 pair of boots
Stlth    ..........             (no amulet)
HPRegen  0.10/turn              a - +4 ring of strength
MPRegen  0.09/turn              (no ring)

@: about to teleport
A: negative energy resistance 1, electricity resistance, unbreathing,
petrification resistance, rot immunity, AC +4
a: no special abilities


You were on level 3 of the Dungeon.
You were not hungry.

You visited 1 branch of the dungeon, and saw 3 of its levels.

You collected 118 gold pieces.


Innate Abilities, Weirdness & Mutations

You are resistant to torment.
Your stone body is resilient. (AC +4)
You are immune to poison.
You resist negative energy. (rN+)
You are resistant to electric shocks. (rElec)
You can survive without breathing.
You are immune to petrification.
You are immune to rotting.


   Skills:
 - Level 3.2 Fighting
 - Level 5.0 Axes
 - Level 3.2 Armour
 + Level 0.0 Dodging
 - Level 3.2 Shields


You had 4 spell levels left.
You didn't know any spells.

Inventory:

Hand Weapons
 j - a +0 whip
 Y - a +2 war axe (weapon)
Armour
 b - a +0 scale mail (worn)
 c - a +0 shield (worn)
 i - a +0 pair of boots (worn)
 o - a +1 pair of gloves (worn)
Jewellery
 a - a +4 ring of strength (left hand)
Wands
 h - a wand of flame (43)
Scrolls
 n - a scroll of teleportation
Potions
 d - 3 potions of might
 g - a potion of brilliance {unknown}
 l - a potion of magic {unknown}
 m - a potion of heal wounds {unknown}
 p - a potion of lignification {unknown}
Comestibles
 e - 3 rations
 f - a chunk of flesh

Dungeon Overview and Level Annotations

Branches:
Dungeon (3/15)

Altars:
Dithmenos
Ru

Annotations:
D:3 Sigmund


Message History

You slash Robin!
You kill Robin!
Your Axes skill increases to level 5!
You hit the hobgoblin.
You hear a zap.
You hear a grinding noise.
Something hits you! You block the hobgoblin's attack.
You block the hobgoblin's attack.
You hear a zap.
You hear a grinding noise.
You see here a robe.
The hobgoblin no longer looks unusually strong.
You see here a frilled lizard skeleton {noeat}.
You hear a zap.
You hear a grinding noise.
There is a stone staircase leading up here.
2296 ||| READING 2 scrolls of teleportation.
As you read the scroll of teleportation, it crumbles to dust.
You feel strangely unstable.
You hit the hobgoblin.
You kill the hobgoblin!
Something hits you.
You die...

....#####..#######.##.# #.#
......................####.#
#########..###.............##
#...........#.####.####..#
####.#.....#####.# #.# ##..#
.......##.## #.# ##.###..##
#)..#####.# #.# #..##...#
..### #.# ##.###.#...#.# ###
##.# ###$@##..#.###.# #
#.)###.{.....#......#
#.#[................## ###
####..>##...............# ..#
#....####...............#
..###....####...............#
.)....#####.................#
.).#..##....#...............#
..)...##.####...............#


There were no monsters in sight!

Vanquished Creatures
  The ghost of NullDivider the Charlatan, a weakling SpAr (D:3)
  Natasha (twice) (D:3)
  Robin (D:3)
  An adder (D:2)
  2 worms
  A dart slug (D:3)
  2 leopard geckos
  A ball python (D:1)
  4 bats
  4 giant cockroaches
  14 goblins
  9 hobgoblins
  3 jackals (D:2)
  4 kobolds
  A quokka (D:2)
  A frilled lizard (D:3)
  4 rats
55 creatures vanquished.

Notes
Turn   | Place    | Note
-------+----------+-------------------------------------------
     0 | D:1      | KleinerIrrer the Gargoyle Fighter began the quest for the Orb.
     0 | D:1      | Reached XP level 1. HP: 14/14 MP: 1/1
     0 | D:1      | 0 ||| counter = 64
    18 | D:1      | Reached skill level 2 in Axes
    81 | D:1      | Reached XP level 2. HP: 19/19 MP: 2/2
   169 | D:1      | 169 ||| DROPPING club.
   680 | D:1      | 680 ||| READING scroll labeled DIQYMY COIJE.
   681 | D:1      | 681 ||| READING scroll labeled GEINKUALOS.
   682 | D:1      | 682 ||| READING scroll labeled DUSTUCWOUDD.
   683 | D:1      | 683 ||| READING scroll labeled ZUZAOCWYON.
   686 | D:1      | 686 ||| READING 2 scrolls labeled VIOTEPE VIFECE.
   687 | D:1      | 687 ||| READING scroll labeled KENOAB HUCHITZ.
   688 | D:1      | 688 ||| READING scroll labeled XUFISU ETIBOIDD.
   689 | D:1      | 689 ||| DROPPING scroll of fog.
   742 | D:2      | Reached skill level 3 in Axes
   750 | D:2      | Reached XP level 3. HP: 23/23 MP: 3/3
  1414 | D:2      | Found a shadowy altar of Dithmenos.
  1414 | D:2      | Found a sacrificial altar of Ru.
  1614 | D:2      | 1614 ||| UPGRADING to pair of boots.
  1619 | D:2      | 1619 ||| READING 3 scrolls labeled HIAMME QIOZUA.
  1620 | D:2      | 1620 ||| DROPPING 2 scrolls of immolation.
  1721 | D:3      | 1721 ||| STAIRDANCE
  1792 | D:2      | 1792 ||| UPGRADING to pair of embroidered gloves.
  1797 | D:2      | 1797 ||| READING scroll of identify.
  1797 | D:2      | 1797 ||| IDENTIFYING brass ring
  1798 | D:2      | 1798 ||| UPGRADING to +4 ring of strength.
  1806 | D:3      | Reached XP level 4. HP: 12/28 MP: 4/4
  1807 | D:3      | 1807 ||| STAIRDANCE
  2021 | D:3      | Noticed NullDivider's ghost (weakling SpAr)
  2044 | D:3      | Noticed Natasha
  2058 | D:3      | Killed NullDivider's ghost
  2058 | D:3      | Reached skill level 4 in Axes
  2077 | D:3      | 2077 ||| EATING 4 rations.
  2108 | D:3      | Killed Natasha
  2108 | D:3      | Reached XP level 5. HP: 26/32 MP: 5/5
  2130 | D:3      | 2130 ||| STAIRDANCE
  2210 | D:3      | 2210 ||| READING scroll of enchant weapon.
  2210 | D:3      | 2210 ||| ENCHANTING +1 war axe.
  2257 | D:3      | Noticed Natasha
  2262 | D:3      | Noticed Robin
  2269 | D:3      | Noticed Sigmund
  2278 | D:3      | Killed Natasha
  2281 | D:3      | Killed Robin
  2281 | D:3      | Reached skill level 5 in Axes
  2281 | D:3      | HP: 1/32 [something (9)]
  2296 | D:3      | 2296 ||| READING 2 scrolls of teleportation.
  2297 | D:3      | Slain by Sigmund

Vault maps used:
D:1:      minmay_arrival_split_and_join, minmay_cut_off
D:2:      gammafunk_temple_overflow_wave
D:3:      uniq_robin, uniq_natasha, uniq_sigmund

Skill      XL: |  1  2  3  4  5 |
---------------+----------------+-----
Axes           | 2 3 4 5 |  5.0
Fighting       | |  3.2
Armour         | |  3.2
Shields        | |  3.2

Action                   |  1- 3 |  4- 6 || total
-------------------------+-------+-------++-------
Melee: War axe           |   135 |    68 ||   203
  Use: Scroll            |     9 |     2 ||    11
  Eat: Chunk             |     3 |       ||     3
       Ration            |       |     1 ||     1
Armor: Scale mail        |    61 |    41 ||   102
Dodge: Dodged            |    27 |    27 ||    54
Block: Shield            |    66 |    46 ||   112

Table legend:
 A = Spawn XP
 B = Non-spawn XP
 C = Spawn XP percentage of total XP
 D = Spawn monster count
 E = Non-spawn monster count
 F = Spawn count percentage of total count
 G = Total turns spent on level
                    A         B        C        D         E        F      G
               +---------+---------+-------+---------+---------+-------+---------
         Total |       0 |     244 |   0.0 |       0 |      55 |   0.0 |  2297
               +---------+---------+-------+---------+---------+-------+---------
           D:1 |       0 |      28 |   0.0 |       0 |      15 |   0.0 |   737
           D:2 |       0 |      45 |   0.0 |       0 |      17 |   0.0 |  1179
           D:3 |       0 |     171 |   0.0 |       0 |      23 |   0.0 |   381
               +---------+---------+-------+---------+---------+-------+---------
